 Dungeon Crawl Stone Soup version 0.30.0-16-gbe6223bb7e (webtiles) character file.

Game seed: 12492978884074061028

3 4FPSwarrior the Caller (level 1, -1/14 HPs)
             Began as an Armataur Summoner on May 20, 2023.
             Slain by a gnoll
             ... wielding a +0 spear
              (5 damage)
             ... on level 1 of the Dungeon.
             The game lasted 00:02:21 (168 turns).

4FPSwarrior the Caller (Armataur Summoner)           Turns: 168, Time: 00:02:22

Health: -1/14      AC:  4    Str: 13    XL:     1   Next: 41%
Magic:  1/3        EV:  9    Int: 15    God:
Gold:   0          SH:  0    Dex: 10    Spells: 2/3 levels left

rFire   . . .        (no weapon)
rCold   . . .        (no shield)
rNeg    . . .        a - +0 robe
rPois   .            (no helmet)
rElec   .            (no cloak)
rCorr   .            (no gloves)
SInv    .            (no barding)
Will    .....        (no amulet)
Stlth   ++           (no ring)
HPRegen 0.22/turn    (no ring)
MPRegen 0.08/turn

%: roll
@: no status effects
A: large, rugged brown scales 3, deformed body, armoured tail, roll, long
tongue, awkward tongue
a: no special abilities


You were on level 1 of the Dungeon.
You visited 1 branch of the dungeon, and saw 1 of its levels.

Inventory:

Armour
 a - a +0 robe (worn)
Scrolls
 d - a scroll of fog {unknown}
Potions
 b - a potion of magic
 c - a potion of attraction {unknown}


   Skills:
 + Level 1.4 Dodging
 + Level 2.3 Stealth
 + Level 1.8 Spellcasting
 + Level 3.3 Summonings


You had 2 spell levels left.
You knew the following spells:

 Your Spells              Type           Power      Damage    Failure   Level
a - Summon Small Mammal   Summ           44%        N/A       6%          1

Your spell library contained the following spells:

 Spells                   Type           Power      Damage    Failure   Level
 Call Imp                 Summ           22%        N/A       9%          2
 Call Canine Familiar     Summ           11%        N/A       17%         3
 Summon Guardian Golem    Hex/Summ       6%         N/A       34%         3
 Summon Lightning Spire   Summ/Air       6%         N/A       75%         4


Dungeon Overview and Level Annotations

Branches:
Dungeon (1/15)

Altars:


Innate Abilities, Weirdness & Mutations

You are completely covered in rugged brown scales. (AC +3, +7% HP)
Armour fits poorly on your strangely shaped body.
You have a long armoured tail.
You roll when moving toward enemies. (Rampage)
Your long tongue fully drains potion bottles. (2x potion effects)
Your tongue gives you trouble enunciating. (1.5x scroll delay)


Message History

The gnoll hits your bat with a +0 spear.
Your bat dies!
Your bat's corpse disappears in a puff of smoke!
Your bat hits the gnoll but does no damage.
Things that are here:
a +0 dagger; a goblin corpse
Things that are here:
a +0 short sword; a kobold corpse
Casting: Summon Small Mammal (safe; 6% risk of failure)
Confirm with . or Enter, or press ? or * to list all spells.
The gnoll barely misses your rat.
Your rat barely misses the gnoll.
Your bat barely misses the gnoll.
Your rat closely misses the gnoll.
Your bat hits the gnoll but does no damage.
The gnoll hits your rat with a +0 spear!
Your rat dies!
Your rat's corpse disappears in a puff of smoke!
Your bat misses the gnoll.
Your bat barely misses the gnoll.
The gnoll misses your bat.
Your bat barely misses the gnoll.
Your bat closely misses the gnoll.
The gnoll completely misses you.
You swap places.
The gnoll hits you with a +0 spear.
Your bat hits the gnoll but does no damage.
You hit the gnoll but do no damage.
The gnoll is lightly wounded.
Your bat hits the gnoll but does no damage.
The gnoll closely misses you.
You closely miss the gnoll.
The gnoll is lightly wounded.
The gnoll hits you with a +0 spear.
* * * LOW HITPOINT WARNING * * *
Your bat barely misses the gnoll.
You closely miss the gnoll. You tail-slap the gnoll!
The gnoll is severely wounded.
Your bat barely misses the gnoll.
The gnoll hits you with a +0 spear.
* * * LOW HITPOINT WARNING * * *
You hit the gnoll but do no damage.
The gnoll is severely wounded.
Your bat disappears in a puff of smoke!
The gnoll hits you with a +0 spear.
You die...

#................
#######..)g.######.....
#.......###............
#.......# ####..##.....#
#......b# ####.## .....#
.......g###....###.....#
......§.##.......# ....#
........##....).g# #..######
#....$.........§@###..#.....
#.......................#####
#.............................
####......########.#.##...#...
###....# ###..#.#....#.# .....
.....#.#.#....# ......
......#......###
..............##
..............#


You could see a gnoll.

Vanquished Creatures
  A ball python (D:1)
  2 goblins (D:1)
  A kobold (D:1)
4 creatures vanquished.

Notes
Turn   | Place    | Note
-------+----------+-------------------------------------------
     0 | D:1      | 4FPSwarrior the Armataur Summoner began the quest for the
                  | Orb.
     0 | D:1      | Reached XP level 1. HP: 14/14 MP: 3/3
   168 | D:1      | Slain by a gnoll

Illustrated notes

Levels and vault maps discovered:
D:1:      noname_arrival_rooms_in_the_neighbourhood, layout_rooms, minmay_cupped

Action                     || total
---------------------------++-------
  Melee: Unarmed           ||    23
         Tailslap          ||     1
   Cast: Summon Small Mamm ||     8
 Armour: Robe              ||     6
  Dodge: Dodged            ||     6
